 Dungeon Crawl Stone Soup version 0.26.1-11-gd32895ea62 (webtiles) character file.

Game seed: 10499675189014037886

443 Zeld the Cudgeller (level 6, -4/52 HPs)
             Began as a Draconian Gladiator on June 13, 2021.
             Killed from afar by an orc wizard (10 damage)
             ... with a magic dart
             ... on level 3 of the Dungeon.
             The game lasted 00:08:48 (4937 turns).

Zeld the Cudgeller (Draconian Gladiator)            Turns: 4937, Time: 00:08:49

Health: -4/52      AC:  7    Str: 18    XL:     6   Next: 71%
Magic:  6/6        EV: 11    Int:  8    God:
Gold:   109        SH: 14    Dex: 13    Spells: 5/5 levels left

rFire    . . .     SeeInvis .   a - +0 flail
rCold    . . .     Faith    .   l - +0 kite shield
rNeg     . . .     Spirit   .   (armour unavailable)
rPois    .         Reflect  +   b - +0 hat
rElec    .         Harm     .   m - +0 cloak
rCorr    .         Rampage  .   (no gloves)
Will     .....                  (no boots)
Stlth    +.........             o - amulet of reflection
HPRegen  0.17/turn              (no ring)
MPRegen  0.10/turn              (no ring)

@: no status effects
A: unfitting armour, cold-blooded, AC +6
a: no special abilities


You were on level 3 of the Dungeon.
You visited 1 branch of the dungeon, and saw 4 of its levels.

You collected 109 gold pieces.

Inventory:

Hand Weapons
 a - a +0 flail (weapon)
Missiles
 c - 2 throwing nets (quivered)
 d - 54 stones
 k - 7 boomerangs
Armour
 b - a +0 hat (worn)
 l - a +0 kite shield (worn)
 m - a +0 cloak (worn)
Jewellery
 o - an amulet of reflection (around neck)
Scrolls
 e - 2 scrolls of magic mapping {unknown}
 f - 5 scrolls of identify {unknown}
 j - 2 scrolls of teleportation {unknown}
 n - a scroll of enchant armour {unknown}
 q - a scroll of enchant weapon {unknown}
Potions
 g - a potion of heal wounds {unknown}
 h - a potion of haste
 i - a potion of resistance {unknown}
 p - a potion of mutation {unknown}


   Skills:
 + Level 3.6 Fighting
 * Level 4.9 Maces & Flails
 * Level 3.8 Throwing
 - Level 3.0 Dodging
 * Level 2.8 Shields


You had 5 spell levels left.
You didn't know any spells.
Your spell library was empty.

Dungeon Overview and Level Annotations

Branches:
Dungeon (4/15)
 Temple: D:4-7

Altars:
Nemelex Xobeh


Innate Abilities, Weirdness & Mutations

Your plain brown scales are hard. (AC +6)
You cannot fit into any form of body armour.
You are cold-blooded and may be slowed by cold attacks.


Message History

The orc wizard mumbles some strange words.
The orc wizard blinks!
The orc wizard gestures wildly while chanting.
The orc wizard blinks!
A magic dart appears from out of thin air!
The magic dart hits you.
* * * LOW HITPOINT WARNING * * *
You block something's attack. Something hits you but does no damage.
You feel yourself speed up.
Your shield prevents you from hitting the orc wizard.
The orc wizard is severely wounded.
The orc wizard barely misses you.
You sock the orc wizard!
You kill the orc wizard!
An orc wizard appears from thin air!
Reactivating autopickup.
The orc wizard points at you and mumbles some strange words.
The magic dart hits you!
You die...

#.#...##
#.#####........
#..###.#####
#............## #..#
#>....#
#.###....<....#
######..###.###.# #.#
#.#######..
.......#...####.# #.#
#.# #.#
.........#o...o.# #†#
#.# #.#
#########.#####o###.#
#.# #.. # #.# #.##..#
#.# #.# #########o#
#.@...# #.# #.#
.>...o....# #.##..#
#.#######.#
.....###### #.##..#
#.........# ####.#
#.##..# #####.##### #
#.# #.##..# #.# # #.#
##.##..#######.## #
#[# ##..##...[.......#
####.#
##.#.###.#######..####
....[# #.###.##.#
#......


You could see an orc wizard and an orc.

Vanquished Creatures
  Duvessa (D:3)
  Dowan (D:3)
  A centaur zombie (D:4)
  A hound (D:4)
  2 orc priests
  Crazy Yiuf (D:2)
  An orc wizard (D:3)
  5 adders
  A worm (D:3)
  3 orcs (D:3)
  A ball python (D:3)
  3 giant cockroaches
  10 goblins
  4 hobgoblins
  11 jackals
  3 kobolds
  3 quokkas
  4 bats
  6 frilled lizards
  5 rats
67 creatures vanquished.

Vanquished Creatures (others)
  3 fungi (D:2)
  3 plants (D:1)
6 creatures vanquished.

Grand Total: 73 creatures vanquished

Notes
Turn   | Place    | Note
-------+----------+-------------------------------------------
     0 | D:1      | Zeld the Draconian Gladiator began the quest for the Orb.
     0 | D:1      | Reached XP level 1. HP: 17/17 MP: 1/1
   467 | D:1      | Reached XP level 2. HP: 25/25 MP: 2/2
  1292 | D:2      | Reached XP level 3. HP: 30/30 MP: 3/3
  2224 | D:2      | Reached XP level 4. HP: 32/37 MP: 4/4
  2397 | D:2      | Found a runed translucent door.
  2398 | D:2      | Noticed Crazy Yiuf
  2408 | D:2      | Killed Crazy Yiuf
  2809 | D:3      | Reached skill level 1 in Shields
  3009 | D:3      | Reached skill level 4 in Maces & Flails
  3009 | D:3      | Reached XP level 5. HP: 4/45 MP: 5/5
  3749 | D:3      | Found a sparkling altar of Nemelex Xobeh.
  4030 | D:4      | Noticed Dowan
  4032 | D:4      | Noticed Duvessa
  4389 | D:3      | Killed Duvessa
  4390 | D:3      | Reached XP level 6. HP: 36/51 MP: 6/6
  4395 | D:3      | Killed Dowan
  4937 | D:3      | Killed from afar by an orc wizard

Illustrated notes

Levels and vault maps discovered:
D:1:      minmay_arrival_doors, layout_rooms, serial_forest,
          infiniplex_forest_end_3, infiniplex_forest_end_double,
          infiniplex_forest_split, infiniplex_forest_clump_curved,
          infiniplex_forest_corner_2, infiniplex_forest_straight_3,
          infiniplex_forest_lined_room_2
D:2:      minmay_evil_eye, layout_basic, uniq_crazy_yiuf_cottage
D:3:      layout_loops_ring, nicolae_overflow_hidden_temple
D:4:      minmay_spotlight, layout_basic, uniq_duvessa

Skill      XL: |  1  2  3  4  5 |
---------------+----------------+-----
Throwing       | 2 3 |  3.8
Dodging        | 3 |  3.0
Shields        | 1 2 |  2.8
Fighting       | 3 |  3.6
Maces & Flails | 4 |  4.9

Action                   |  1- 3 |  4- 6 || total
-------------------------+-------+-------++-------
Melee: Flail             |   123 |   159 ||   282
       Tailslap          |    15 |    24 ||    39
Throw: Throwing net      |       |     3 ||     3
 Stab: Distracted        |     1 |       ||     1
Armor: Skin              |    24 |    61 ||    85
Dodge: Dodged            |    80 |    71 ||   151
Block: Kite shield       |     6 |   134 ||   140
       Reflection        |       |     6 ||     6
